 Dungeon Crawl Stone Soup version 0.31-a0-981-geadf994542 (webtiles) character file.

Game seed: 294512035741399656

112 Xavori the Trooper (level 5, 0/40 HPs)
             Began as a Djinni Chaos Knight on Nov 1, 2023.
             Was a Plaything of Xom.
             Slain by Crazy Yiuf
             ... wielding a +3 quarterstaff of chaos
              (2 damage)
             ... on level 3 of the Dungeon.
             The game lasted 00:02:39 (12125 turns).

Xavori the Trooper (Djinni Chaos Knight)           Turns: 12125, Time: 00:02:40

Health: 0/40       AC:  7    Str:  8    XL:     5   Next: 16%
Gold:   263        EV: 12    Int: 18    God:    Xom [.....*] SH:  0 Dex: 13

rFire   + + .        a - +0 falchion (chaos)
rCold   x . .        (no shield)
rNeg    . . .        b - +2 leather armour
rPois   ∞            p - +1 helmet
rElec   .            (no cloak)
rCorr   +            (no gloves)
SInv    .            (boots unavailable)
Will    .....        (no amulet)
Stlth   +            n - ring of resist corrosion
HPRegen 0.26/turn    (no ring)
MPRegen 0.00/turn

%: infuse magic (-1 HP)
@: flying, slowed, very slow
A: sickness immunity, fire resistance 2, cold vulnerability 1, float, innate
caster, HP casting, extra vitality 1, clever 1, weak 1
a: Renounce Religion


You were on level 3 of the Dungeon.
You worshipped Xom.
You were Xom's teddy bear.
You visited 1 branch of the dungeon, and saw 3 of its levels.

You collected 263 gold pieces.

Inventory:

Hand Weapons
 a - a +0 falchion of chaos (weapon)
Armour
 b - a +2 leather armour (worn)
 p - a +1 helmet (worn)
Jewellery
 n - a ring of resist corrosion (left hand)
Wands
 o - a wand of flame (4)
Scrolls
 c - a scroll of butterflies
 d - a scroll of poison {unknown}
 f - a scroll of identify {unknown}
 l - a scroll of summoning {unknown}
 m - 2 scrolls of teleportation {unknown}
 q - a scroll of blinking {unknown}
 r - 2 scrolls of fear {unknown}
Potions
 e - a potion of might {unknown}
 g - a potion of resistance {unknown}
 h - a potion of invisibility {unknown}
 i - a potion of enlightenment {unknown}
 j - a potion of degeneration {unknown}
 k - a potion of curing {unknown}


   Skills:
 + Level 3.5 Fighting
 + Level 3.2 Long Blades
 + Level 2.0 Armour
 + Level 3.0 Dodging
 * Level 1.4 Spellcasting
 * Level 1.4 Conjurations
 * Level 1.4 Hexes
 * Level 1.4 Summonings
 * Level 1.4 Necromancy
 * Level 1.4 Translocations
 * Level 1.4 Transmutations
 * Level 1.4 Fire Magic
 * Level 1.4 Ice Magic
 * Level 1.4 Air Magic
 * Level 1.4 Earth Magic
 * Level 1.4 Poison Magic


You knew the following spells:

 Your Spells              Type           Power      Damage    Failure   Level
a - Freeze                Ice            24%        1d4       16%         1
b - Scorch                Fire           12%        2d5       22%         2
Your spell library was empty.

Dungeon Overview and Level Annotations

Branches:
Dungeon (3/15)

Altars:
Xom

Annotations:
D:3 Crazy Yiuf


Innate Abilities, Weirdness & Mutations

You are immune to sickness and miasma.
You are immune to poison.
Your flesh is very heat resistant. (rF++)
You are vulnerable to cold. (rC-)
You float through the air rather than walking.
You learn spells naturally, not from books.
Your magical power is your life essence.
You have superior vitality. (+4 MHP)
Your mind is acute. (Int +4, Str/Dex -1)
You are weak. (Str -2)


Message History

No target in view!
No target in view!
Things that are here:
a +0 flail; an orc skeleton Key pressed, stopping explore.
No target in view!
There is a large open door here.
There is a large open door here.
You see here 7 stones.
You see here a +0 mace. "Just a minor improvement..."
You are now Xom's teddy bear.
Crazy Yiuf shouts!
Crazy Yiuf cries, "Seed!"
Could not explore, unopened runed door.
No reachable target in view!
Key pressed, stopping explore.
No reachable target in view!
No reachable target in view!
Could not explore, unopened runed door.
You reach down and open the door.
You hit Crazy Yiuf.
Crazy Yiuf is moderately wounded.
Crazy Yiuf hits you with a +3 quarterstaff of chaos.
You feel yourself slow down.
Crazy Yiuf hits you with a +3 quarterstaff of chaos.
You hit Crazy Yiuf but do no damage.
Crazy Yiuf is moderately wounded.
Crazy Yiuf hits you with a +3 quarterstaff of chaos!
Space warps around you.
You are too injured to fight recklessly!
You closely miss Crazy Yiuf.
Crazy Yiuf is moderately wounded.
Crazy Yiuf says, "The life which is unexamined is not worth living."
Crazy Yiuf hits you but does no damage.
Crazy Yiuf hits you with a +3 quarterstaff of chaos!
* * * LOW HITPOINT WARNING * * *
Crazy Yiuf burns you.
You die...
Xom thinks this is hilarious!

####...# #........#######...).
#......################......#...
#..........# #'....)...##
#..........# ##### ##......###
####.......# #..)# #......#
###.####### #...# #......# #...#
... #......#### #.### #g#
###'####... #.# ### ##@# #.#
##... ##.### #.# #.## #.# #....
#....# #.# ##.# #.###.... #..#.#
#.# #.## #...#.... #..#.#####.#
##.## ###...... ##.#.......#
#...## ###.... #######.### #....#
#.... #...# #....# #.>.)
#######....# ##.##


You could see Crazy Yiuf.

Vanquished Creatures
  5 adders
  A worm (D:2)
  A dart slug (D:1)
  3 orcs (D:3)
  6 endoplasms
  2 giant cockroaches
  3 goblins
  5 hobgoblins
  6 jackals
  4 quokkas
  8 ball pythons
  2 bats (D:1)
  4 frilled lizards
  2 kobolds
  6 rats
58 creatures vanquished.

Vanquished Creatures (others)
  An endoplasm zombie (D:1)
1 creature vanquished.

Grand Total: 59 creatures vanquished

Notes
Turn   | Place    | Note
-------+----------+-------------------------------------------
     0 | D:1      | Xavori the Djinni Chaos Knight began the quest for the Orb.
     0 | D:1      | Reached XP level 1. HP: 20/20 MP: 0/0
    29 | D:1      | XOM: silly message
    73 | D:1      | Reached XP level 2. HP: 25/25 MP: 0/0
   238 | D:1      | XOM: noise
   257 | D:1      | Reached XP level 3. HP: 16/30 MP: 0/0
   257 | D:1      | Learned a level 1 spell: Freeze
   278 | D:1      | XOM: divination: detect creatures
   279 | D:1      | XOM: silly message
   281 | D:1      | XOM: divination: magic mapping
   491 | D:1      | XOM: silly message
   621 | D:1      | XOM: divination: magic mapping
   830 | D:2      | XOM: noise
   848 | D:2      | Reached skill level 1 in Spellcasting
   848 | D:2      | Reached skill level 1 in Conjurations
   848 | D:2      | Reached skill level 1 in Hexes
   848 | D:2      | Reached skill level 1 in Summonings
   848 | D:2      | Reached skill level 1 in Necromancy
   848 | D:2      | Reached skill level 1 in Translocations
   848 | D:2      | Reached skill level 1 in Transmutations
   848 | D:2      | Reached skill level 1 in Fire Magic
   848 | D:2      | Reached skill level 1 in Ice Magic
   848 | D:2      | Reached skill level 1 in Air Magic
   848 | D:2      | Reached skill level 1 in Earth Magic
   848 | D:2      | Reached skill level 1 in Poison Magic
  1206 | D:1      | XOM: divination: magic mapping
  1935 | D:1      | XOM: divination: detect creatures
  2186 | D:1      | XOM: divination: detect items
  2611 | D:1      | XOM: silly message
  2773 | D:1      | XOM: cloud trail
  4176 | D:1      | XOM: silly message
  4682 | D:1      | XOM: noise
  5118 | D:1      | XOM: silly message
  5213 | D:1      | XOM: divination: detect items
  5382 | D:1      | XOM: divination: detect creatures
  6040 | D:1      | XOM: silly message
  6358 | D:1      | XOM: silly message
  7126 | D:1      | XOM: silly message
  7645 | D:1      | XOM is BORED!
  8391 | D:2      | XOM: 9-stop teleportation journey
  8402 | D:2      | Reached XP level 4. HP: 30/35 MP: 0/0
  8612 | D:2      | XOM: divination: detect creatures
  8693 | D:2      | XOM: silly message
  8697 | D:2      | XOM: potion effect (curing)
  8765 | D:2      | XOM: summons 2 hostile demons
  9024 | D:2      | XOM: god gift: 11 gold pieces
 10107 | D:2      | XOM: give mutations
 10107 | D:2      | Gained mutation: You passively dampen the noise of your
                  | surroundings. [Xom's mischief]
 10107 | D:2      | Gained mutation: You are weak. (Str -2) [Xom's mischief]
 10107 | D:2      | Lost mutation: You passively dampen the noise of your
                  | surroundings. [Xom's mischief]
 10107 | D:2      | Gained mutation: Your mind is acute. (Int +4, Str/Dex -1)
                  | [Xom's mischief]
 11439 | D:2      | XOM: summons 1 hostile demon
 11551 | D:3      | XOM: enchant monster (good)
 11556 | D:3      | Reached XP level 5. HP: 36/40 MP: 0/0
 11556 | D:3      | Learned a level 2 spell: Scorch
 11895 | D:3      | Found a runed translucent door.
 11896 | D:3      | Noticed Crazy Yiuf
 12107 | D:3      | XOM: scenery: create altars
 12125 | D:3      | HP: 2/40 [Crazy Yiuf/+3 quarterstaff of chaos (16)]
 12125 | D:3      | Slain by Crazy Yiuf

Illustrated notes

Levels and vault maps discovered:
D:1:      amcnicky_arrival_choice, layout_basic, minmay_octomino_c4
D:2:      layout_loops_ring, hangedman_glass_teeth, chequers_avenue,
          nicolae_elevator_lobby_asterisk
D:3:      layout_basic, small_statue_intersection, minmay_pentomino_pile,
          uniq_crazy_yiuf_cottage

Skill      XL: |  1  2  3  4  5 |
---------------+----------------+-----
Long Blades    | 3 |  3.2
Spellcasting   | 1 |  1.4
Conjurations   | 1 |  1.4
Hexes          | 1 |  1.4
Summonings     | 1 |  1.4
Necromancy     | 1 |  1.4
Translocations | 1 |  1.4
Transmutations | 1 |  1.4
Fire Magic     | 1 |  1.4
Ice Magic      | 1 |  1.4
Air Magic      | 1 |  1.4
Earth Magic    | 1 |  1.4
Poison Magic   | 1 |  1.4
Armour         | 2 |  2.0
Dodging        | 3 |  3.0
Fighting       | |  3.5

Action                     |  1- 3 |  4- 6 || total
---------------------------+-------+-------++-------
  Melee: Falchion          |   111 |   120 ||   231
         Punch             |     1 |       ||     1
   Stab: Petrifying        |     1 |       ||     1
         Petrified         |     1 |       ||     1
         Sleeping          |       |     1 ||     1
 Armour: Leather armour    |    72 |    72 ||   144
  Dodge: Dodged            |    92 |    69 ||   161

Table legend: (Time is in decaauts)
 A = Elapsed time spent in this place.
 B = Non-inter-level travel time spent in this place.
 C = Inter-level travel time spent in this place.
 D = Time resting spent in this place.
 E = Time spent auto-exploring this place.
 F = Levels seen in this place.
 G = Mean time per level.
                   A        B        C        D        E       F      G
               +--------+--------+--------+--------+--------+-----+--------+
         Total |  12162 |  12119 |     43 |   9783 |   1866 |   3 | 4054.0 |
       Dungeon |  12162 |  12119 |     43 |   9783 |   1866 |   3 | 4054.0 |
               +--------+--------+--------+--------+--------+-----+--------+

Top non-repeatable levels by time:
     D:1: 8384 daAuts
     D:2: 2787 daAuts
     D:3: 990 daAuts
